 Dungeon Crawl Stone Soup version 0.21-a0-95-g06f091e (webtiles) character file.

597 Ordine the Magician (level 7, -5/36 HPs)
             Began as a Deep Elf Wizard on July 4, 2017.
             Was an Initiate of Vehumet.
             Slain by Grinder (6 damage)
             ... while paralysed by Grinder
             ... on level 5 of the Dungeon.
             The game lasted 00:17:28 (4445 turns).

Ordine the Magician (Deep Elf Wizard)               Turns: 4445, Time: 00:17:29

Health: -5/36      AC:  3    Str:  4    XL:     7   Next: 17%
Magic:  2/18       EV:  2    Int: 25    God:    Vehumet [......]
Gold:   232        SH:  0    Dex: 13    Spells: 3/18 levels left

rFire    . . .     SeeInvis .   g - +2 short sword (freeze)
rCold    + . .     Gourm    +   (no shield)
rNeg     . . .     Faith    .   a - +0 robe
rPois    .         Spirit   .   b - +1 hat
rElec    .         Reflect  .   (no cloak)
rCorr    .         Harm     .   (no gloves)
MR       .....                  (no boots)
Stlth    +++.......             A - amulet of the gourmand
HPRegen  0.12/turn              u - ring of protection from cold
MPRegen  0.16/turn              (no ring)

@: paralysed
A: no striking features
a: Renounce Religion


You were on level 5 of the Dungeon.
You worshipped Vehumet.
Vehumet was noncommittal.
You were not hungry.

You visited 1 branch of the dungeon, and saw 5 of its levels.

You collected 232 gold pieces.

Inventory:

Hand Weapons
 g - a +2 short sword of freezing (weapon)
Armour
 a - a +0 robe (worn)
 b - a +1 hat (worn)
Jewellery
 u - a ring of protection from cold (left hand)
 A - an amulet of the gourmand (around neck)
Wands
 w - a wand of acid (11/15)
Scrolls
 e - 2 scrolls of magic mapping
 i - 3 scrolls of remove curse
 o - 2 scrolls of teleportation
 x - a scroll of amnesia
Potions
 f - a potion of curing
 h - a potion of cancellation {unknown}
 j - 2 potions of lignification
 k - a potion of brilliance {unknown}
 m - a potion of resistance
 n - 6 potions of heal wounds {unknown}
 p - a potion of haste
 q - a potion of might {unknown}
 v - a potion of flight {unknown}
Books
 c - a book of Minor Magic

   Spells                             Type                      Level
   a - Magic Dart                     Conjuration                  1
   b - Blink                          Translocation                2
   c - Call Imp                       Summoning                    2
   d - Slow                           Hexes                        2
   e - Conjure Flame                  Conjuration/Fire             3
   f - Mephitic Cloud                 Conjuration/Poison/Air       3
 l - a book of Conjurations

   Spells                             Type                      Level
   a - Magic Dart                     Conjuration                  1
   b - Searing Ray                    Conjuration                  2
   c - Dazzling Spray                 Conjuration/Hexes            3
   d - Fulminant Prism                Conjuration/Hexes            4
   e - Force Lance                    Conjuration/Translocation    4
   f - Iskenderun's Mystic Blast      Conjuration                  4
 r - a book of Cantrips

   Spells                             Type                      Level
   a - Confusing Touch                Hexes                        1
   b - Animate Skeleton               Necromancy                   1
   c - Summon Small Mammal            Summoning                    1
   d - Apportation                    Translocation                1
Comestibles
 d - 4 bread rations
 s - 5 fruits
 t - 2 meat rations


   Skills:
 + Level 0.4 Short Blades
 - Level 2.4 Dodging
 + Level 4.9 Stealth
 - Level 6.0 Spellcasting
 * Level 4.8 Conjurations
   Level 1.1 Summonings
 - Level 3.0 Translocations
 + Level 1.8 Fire Magic
 + Level 2.2 Air Magic


You had 3 spell levels left.
You knew the following spells:

 Your Spells              Type           Power        Failure   Level  Hunger
a - Magic Dart            Conj           ####         1%          1    None
b - Blink                 Tloc           N/A          3%          2    None
c - Conjure Flame         Conj/Fire      ###.....     5%          3    None
d - Mephitic Cloud        Conj/Pois/Air  ###.....     9%          3    None
e - Searing Ray           Conj           ####..       1%          2    None
f - Dazzling Spray        Conj/Hex       ###...       9%          3    None
g - Apportation           Tloc           ###...       1%          1    None


Dungeon Overview and Level Annotations

Branches:
Dungeon (5/15)
 Temple: D:4-7

Altars:
Qazlal
Ru
Trog
Vehumet

Annotations:
D:5 Grinder


Message History

A worker ant comes into view.
The searing ray hits Grinder.
Grinder is almost dead.
Grinder gestures at you.
You suddenly lose the ability to move!
Grinder hits you but does no damage.
The centaur unwields an uncursed shortbow.
The centaur hits itself.
Grinder hits you but does no damage. Grinder hits you.
* * * LOW HITPOINT WARNING * * *
You writhe in agony.
* * * LOW HITPOINT WARNING * * *
The centaur gestures wildly.
Grinder gestures at you. Pain shoots through your body!
* * * LOW HITPOINT WARNING * * *
Grinder hits you.
* * * LOW HITPOINT WARNING * * *
You writhe in agony.
You die...

##########
+........#############
+..##.##.............#
##.##.#...##########.#
#..##......###### #.#
#....รท..........# #.#
####..(##.....###..####.#
.<.....a5@............##.#
...##...###...####..#.##.#
#.. #...# ##.## #..#.##..
#. .....! ...#####..#.....
#
#.##...###..............#
. ..... ..######..#.##.#
.....c #.# #.........#
$#.#.. ##.####.#..#.##..
#.......#..#.##..


You could see Grinder and a worker ant.

Vanquished Creatures
  A sky beast (D:5)
  An ogre (D:4)
  A bullfrog (D:4)
  A bullfrog skeleton (D:4)
  A hound (D:4)
  Terence (D:2)
  3 orc wizards
  A hound skeleton (D:4)
  9 adders
  2 shadow imps (D:5)
  An ooze (D:2)
  2 dart slugs
  4 leopard geckos
  3 orcs (D:4)
  A giant cockroach (D:2)
  10 goblins
  7 hobgoblins
  9 jackals
  10 kobolds
  3 quokkas
  A ball python (D:5)
  10 bats
  3 frilled lizards
  A jackal skeleton (D:4)
  A jackal zombie (D:5)
  A leopard gecko skeleton (D:5)
  A quokka skeleton (D:5)
  7 rats
96 creatures vanquished.

Notes
Turn   | Place    | Note
-------+----------+-------------------------------------------
     0 | D:1      | Ordine the Deep Elf Wizard began the quest for the Orb.
     0 | D:1      | Reached XP level 1. HP: 10/10 MP: 7/7
   138 | D:1      | Reached XP level 2. HP: 15/15 MP: 4/9
   142 | D:1      | Learned a level 2 spell: Blink
   244 | D:1      | Reached skill level 5 in Spellcasting
   588 | D:1      | Reached XP level 3. HP: 19/19 MP: 4/11
   593 | D:1      | Learned a level 3 spell: Conjure Flame
   597 | D:1      | Learned a level 3 spell: Mephitic Cloud
  1115 | D:2      | Reached XP level 4. HP: 24/24 MP: 7/13
  1139 | D:2      | Noticed Terence
  1165 | D:2      | Killed Terence
  1184 | D:2      | HP: 1/24 [quokka (1)]
  1904 | D:3      | Found a bloodstained altar of Trog.
  2022 | D:3      | Reached XP level 5. HP: 28/28 MP: 7/14
  2516 | D:4      | Noticed an ogre
  2527 | D:4      | Killed an ogre
  2527 | D:4      | Reached skill level 1 in Air Magic
  2685 | D:4      | Reached XP level 6. HP: 31/32 MP: 6/16
  3099 | D:4      | Found a radiant altar of Vehumet.
  3107 | D:4      | Became a worshipper of Vehumet
  3125 | D:4      | Learned a level 2 spell: Searing Ray
  3129 | D:4      | Learned a level 3 spell: Dazzling Spray
  3204 | D:4      | Reached skill level 1 in Fire Magic
  3262 | D:4      | Found a stormy altar of Qazlal.
  3394 | D:4      | Learned a level 1 spell: Apportation
  3840 | D:5      | Entered Level 5 of the Dungeon
  3980 | D:5      | Found a sacrificial altar of Ru.
  3992 | D:5      | Reached skill level 6 in Spellcasting
  4164 | D:5      | Noticed a sky beast
  4183 | D:5      | Killed a sky beast
  4183 | D:5      | Reached XP level 7. HP: 14/36 MP: 5/18
  4429 | D:5      | Noticed Grinder
  4440 | D:5      | Paralysed by Grinder for 6 turns
  4445 | D:5      | HP: 1/36 [Grinder (4)]
  4445 | D:5      | Slain by Grinder

Vault maps used:
D:1:      zelgadis_glass_arrival_small, minmay_misc_feat_columns
D:2:      uniq_terence
D:3:      old_standard_altar
D:4:      lemuel_round_altar, vehumet_altar_wand_db, first_bread
D:5:      nicolae_ru_great_annihilating_truth, tso_oasis_becter,
          minmay_temple_entry_grid, kennysheep_generic_room_4, uniq_grinder,
          uniq_sigmund

Skill      XL: |  1  2  3  4  5  6 |
---------------+-------------------+-----
Spellcasting   | 5 6 |  6.0
Stealth        | 3 4 |  4.9
Conjurations   | 2 3 4 |  4.8
Translocations | 2 3 |  3.0
Air Magic      | 1 2 |  2.2
Fire Magic     | 1 |  1.8
Short Blades   | |  0.4
Dodging        | |  2.4
Summonings     | |  1.1

Action                   |  1- 3 |  4- 6 |  7- 9 || total
-------------------------+-------+-------+-------++-------
Melee: Short sword       |     4 |    17 |       ||    21
 Cast: Magic Dart        |    86 |   145 |     2 ||   233
       Mephitic Cloud    |       |     6 |     1 ||     7
       Blink             |       |     5 |       ||     5
       Searing Ray       |       |     5 |     4 ||     9
       Dazzling Spray    |       |       |     1 ||     1
  Use: Scroll            |     1 |    12 |       ||    13
       Potion            |     1 |     1 |       ||     2
 Stab: Confused          |       |     2 |       ||     2
  Eat: Chunk             |       |    10 |     2 ||    12
Armor: Robe              |    16 |     9 |     2 ||    27
       Skin              |       |     1 |       ||     1
Dodge: Dodged            |    36 |    32 |     2 ||    70
